 Dungeon Crawl Stone Soup version 0.22-a0-305-gd21a89c (webtiles) character file.

224 4thArraOfDagon the Grave Robber (level 5, 0/38 HPs)
             Began as a Demigod Necromancer on Mar 30, 2018.
             Killed by nerve-wracking pain
             ... invoked by a shadow imp
              (11 damage)
             ... on level 6 of the Dungeon.
             The game lasted 00:06:40 (1551 turns).

4thArraOfDagon the Grave Robber (DgNe)              Turns: 1551, Time: 00:06:40

Health: 0/38       AC:  6    Str: 11      XL:     5   Next: 39%
Magic:  6/12       EV: 10    Int: 21      God:
Gold:   33         SH:  0    Dex: 15 (16) Spells: 3/10 levels left

rFire    . . .     SeeInvis .   d - +2 dagger (pain)
rCold    . . .     Gourm    .   (no shield)
rNeg     . . .     Faith    .   g - +1 ring mail
rPois    .         Spirit   .   (no helmet)
rElec    .         Reflect  .   (no cloak)
rCorr    .         Harm     .   (no gloves)
MR       .....                  (no boots)
Stlth    +.........             (no amulet)
HPRegen  1.12/turn              (no ring)
MPRegen  0.13/turn              (no ring)

@: regenerating
A: high mp 1
a: no special abilities


You were on level 6 of the Dungeon.
You were not hungry.

You visited 1 branch of the dungeon, and saw 6 of its levels.

You collected 33 gold pieces.

Inventory:

Hand Weapons
 b - a +0 spear
 d - a +2 dagger of pain (weapon)
Missiles
 e - a throwing net (quivered)
Armour
 a - a +0 robe
 g - a +1 ring mail (worn)
Scrolls
 h - a scroll of identify
Comestibles
 c - 4 rations
 f - a chunk of flesh


   Skills:
 - Level 1.7 Dodging
 - Level 1.7 Stealth
 - Level 3.2 Spellcasting
 * Level 5.6 Necromancy


You had 3 spell levels left.
You knew the following spells:

 Your Spells              Type           Power        Failure   Level  Hunger
a - Pain                  Necr           ####         3%          1    None
b - Vampiric Draining     Necr           ####......   10%         3    ###....
c - Regeneration          Chrm/Necr      ###.......   30%         3    ###....


Dungeon Overview and Level Annotations

Branches:
Dungeon (6/15)
 Temple: D:4-7

Annotations:
D:4 Eustachio
D:5 Grinder
D:6 1 transporter


Innate Abilities, Weirdness & Mutations

You have an increased reservoir of magic. (+10% MP)


Message History

The shadow imp barely misses you.
You hit the shadow imp but do no damage.
The shadow imp is heavily wounded.
The shadow imp gestures at you. Pain shoots through your body!
You closely miss the shadow imp.
The shadow imp is heavily wounded.
The shadow imp barely misses you.
You hit the shadow imp but do no damage.
The shadow imp is moderately wounded.
The shadow imp hits you.
* * * LOW HITPOINT WARNING * * *
You aren't carrying any potions.
Okay, then.
Casting: Regeneration (safe; 30% risk of failure)
Confirm with . or Enter, or press ? or * to list all spells.
Your skin crawls.
The shadow imp gestures at you. Pain shoots through your body!
You die...

+.../Z#©..# #.##.#
+§§.$?#..## #.##.#
#§.§.§#### ##.##.# #.§§.§#
##...#.# .#########§§§§§
#......# # .....#.#######
#....##.... #.##...#.##
#.#.## .##.
.........############.#.#
.#
.......#.....5@.........#
.#
######.....############.###
.# ........#.## #... .#
#######.#.# ####.# ###.#.#
# #<....# ###.....#
#.......## #.#......#


You could see a shadow imp.

Vanquished Creatures
  A sky beast (D:6)
  A worker ant (D:6)
  A hound skeleton (D:4)
  2 gnolls (D:5)
  4 adders
  4 leopard geckos
  An orc (D:6)
  A ball python (D:1)
  2 giant cockroaches
  9 goblins
  A hobgoblin (D:1)
  A quokka (D:2)
  5 bats (D:1)
  A kobold (D:1)
  4 rats
38 creatures vanquished.

Vanquished Creatures (others)
  A giant cockroach (D:4)
1 creature vanquished.

Grand Total: 39 creatures vanquished

Notes
Turn   | Place    | Note
-------+----------+-------------------------------------------
     0 | D:1      | 4thArraOfDagon the Demigod Necromancer began the quest for the Orb.
     0 | D:1      | Reached XP level 1. HP: 14/14 MP: 5/5
   368 | D:1      | Reached XP level 2. HP: 13/20 MP: 5/7
   397 | D:1      | Reached skill level 4 in Necromancy
   801 | D:3      | Reached XP level 3. HP: 13/26 MP: 5/9
   806 | D:3      | Learned a level 3 spell: Vampiric Draining
   853 | D:3      | Found a shadowy altar of Dithmenos.
   878 | D:4      | Noticed Eustachio
   894 | D:4      | Found a shattered altar of Ashenzari.
   912 | D:4      | Found a shimmering altar of Xom.
   912 | D:4      | Noticed an angel
   915 | D:4      | Found a glowing silver altar of Zin.
   927 | D:5      | Entered Level 5 of the Dungeon
   936 | D:5      | Noticed Grinder
   946 | D:5      | Noticed a scorpion
   969 | D:4      | Found a blossoming altar of Fedhas.
  1318 | D:5      | Reached XP level 4. HP: 19/33 MP: 10/10
  1331 | D:5      | Noticed a phantom
  1378 | D:6      | Learned a level 3 spell: Regeneration
  1385 | D:6      | Reached skill level 5 in Necromancy
  1467 | D:6      | Noticed a sky beast
  1504 | D:6      | Killed a sky beast
  1504 | D:6      | Reached XP level 5. HP: 18/38 MP: 8/12
  1514 | D:6      | Found a transporter.
  1551 | D:6      | Killed from afar by a shadow imp

Vault maps used:
D:1:      dpeg_arrival_water_fire
D:2:      okawaru_ov_weapons_minmay, nicolae_overflow_hidden_temple, tgw_trog,
          first_ration
D:3:      nicolae_overflow_crystal_walls, nemelex_dance_club_becter
D:4:      grunt_temple_overflow_order_and_chaos_1, nicolae_ashenzari_panopticon,
          fedhas_altar_3, uniq_duvessa, uniq_eustachio
D:5:      kennysheep_mini_moat, serial_shops, shop, tgw_xom, uniq_grinder
D:6:      gammafunk_cloud_chamber, nemelex_xobeh_ov_fountains_minmay,
          minmay_mini_ossuary

Skill      XL: |  1  2  3  4 |
---------------+-------------+-----
Spellcasting   | 2 3 |  3.2
Necromancy     | 4 5 |  5.6
Dodging        | |  1.7
Stealth        | |  1.7

Action                   |  1- 3 |  4- 6 || total
-------------------------+-------+-------++-------
Melee: Unarmed           |     3 |       ||     3
       Spear             |    23 |       ||    23
       Dagger            |     7 |    20 ||    27
 Cast: Pain              |    48 |       ||    48
       Vampiric Draining |     1 |     5 ||     6
       Regeneration      |       |     2 ||     2
  Use: Potion            |     6 |       ||     6
       Scroll            |     3 |       ||     3
 Stab: Sleeping          |     2 |       ||     2
  Eat: Chunk             |     1 |     2 ||     3
Armor: Robe              |     5 |       ||     5
       Ring mail         |    25 |    10 ||    35
Dodge: Dodged            |    55 |    19 ||    74

Table legend:
 A = Spawn XP
 B = Non-spawn XP
 C = Spawn XP percentage of total XP
 D = Spawn monster count
 E = Non-spawn monster count
 F = Spawn count percentage of total count
 G = Total turns spent on level
                    A         B        C        D         E        F      G
               +---------+---------+-------+---------+---------+-------+---------
         Total |       0 |     320 |   0.0 |       0 |      38 |   0.0 |  1551
               +---------+---------+-------+---------+---------+-------+---------
           D:1 |       0 |      33 |   0.0 |       0 |      19 |   0.0 |   677
           D:2 |       0 |      11 |   0.0 |       0 |       5 |   0.0 |    62
           D:3 |       0 |      30 |   0.0 |       0 |       5 |   0.0 |   167
           D:4 |       0 |      34 |   0.0 |       0 |       3 |   0.0 |   296
           D:5 |       0 |      28 |   0.0 |       0 |       2 |   0.0 |   166
           D:6 |       0 |     184 |   0.0 |       0 |       4 |   0.0 |   183
               +---------+---------+-------+---------+---------+-------+---------
